 Dungeon Crawl Stone Soup version 0.20.1-1-g8b1a95d (webtiles) character file.

108045 Jannitor the Warrior (level 16, -19/127 HPs)
             Began as a Gargoyle Chaos Knight on Sept 11, 2017.
             Killed from afar by Azrael (40 damage)
             ... with damnation
             ... on level 14 of the Dungeon.
             The game lasted 01:03:20 (22450 turns).

Jannitor the Warrior (Gargoyle Chaos Knight)       Turns: 22450, Time: 01:03:20

Health: -19/127    AC: 38    Str: 21    XL:     16   Next: 48%
Magic:  21/21      EV:  7    Int: 13    God:    Xom [......]
Gold:   223        SH:  0    Dex:  9    Spells: 15/15 levels left

rFire    + + .     SeeInvis +   R - +3 battleaxe (flame)
rCold    + . .     Gourm    .   (shield currently unavailable)
rNeg     + + .     Faith    .   A - +2 plate armour {rF+}
rPois    ∞         Spirit   .   P - +1 hat
rElec    +         Reflect  .   K - +2 cloak "Qaric" {rPois rN+ Str-2 SInv}
rCorr    .         Harm     .   (no gloves)
MR       ++...     Clarity  +   (no boots)
Stlth    ..........             C - amulet of Vitality {Regen+ HP+15}
Regen    0.8/turn               e - +3 ring of protection
MPRegen  0.2/turn               h - ring of protection from fire

@: flying
A: antennae 1, big wings, molten scales 1, blink, blurry vision 1, clarity, cold
resistance 1, magic resistance 1, mutation resistance 2, negative energy
resistance 1, screaming 2, electricity resistance, wild magic 1, unbreathing,
petrification resistance, no potion heal 1, rot immunity, MP-powered wands, AC
+11
a: Stop Flying, Blink, Renounce Religion


You were on level 14 of the Dungeon.
You worshipped Xom.
You were a very special plaything of Xom.
You were near starving.

You visited 3 branches of the dungeon, and saw 22 of its levels.
You also visited: Ice Cave and Volcano.

You collected 2145 gold pieces.
You spent 1922 gold pieces at shops.

Inventory:

Hand Weapons
 b - the +1 executioner's axe "Nelikot" {speed, *Noise Str+2 Dex+4}
   (You bought it in a shop on level 5 of the Dungeon)

   Attacks with this weapon are significantly faster.
   It affects your strength (+2).
   It affects your dexterity (+4).
   It may make noises in combat.
 G - a +0 morningstar of crushing
 L - the +5 battleaxe of an ice cave {chaos, rN+ MR+ Dex+3}
   (Xom gifted it to you on level 2 of the Orcish Mines)

   Each time it hits an enemy it has a different, random effect.
   It affects your dexterity (+3).
   It protects you from negative energy.
   It affects your resistance to hostile enchantments.
 R - a +3 battleaxe of flaming (weapon)
Armour
 A - a +2 plate armour of fire resistance (worn)
 K - the +2 cloak "Qaric" (worn) {rPois rN+ Str-2 SInv}
   (You found it on level 9 of the Dungeon)

   It affects your strength (-2).
   It protects you from poison.
   It protects you from negative energy.
   It lets you see invisible.
 P - a +1 hat (worn)
 V - a scarf of cloud immunity
Jewellery
 e - a +3 ring of protection (left hand)
 f - a +5 amulet of reflection
 h - a ring of protection from fire (right hand)
 i - an uncursed ring of resist corrosion
 l - an uncursed ring of protection from cold
 C - the amulet of Vitality (around neck) {Regen+ HP+15}
   (You found it on level 6 of the Dungeon)

   [amulet of regeneration]

   It affects your health (+15).
   It increases your rate of regeneration.
Wands
 w - a wand of digging (5/24)
 I - a wand of acid (0/15)
 O - a wand of lightning (9/15)
 T - a wand of confusion (20/48)
 Y - a wand of lightning (5/15)
Scrolls
 g - 9 scrolls of identify
 m - 4 scrolls of blinking
 n - a scroll of fog
 p - 8 scrolls of enchant armour
 t - 9 scrolls of remove curse
 z - 4 scrolls of fear
 B - 6 scrolls of teleportation
 H - 2 scrolls of recharging
 Q - a scroll of enchant weapon
 S - a scroll of brand weapon
Potions
 d - 3 potions of lignification
 j - 7 potions of curing
 r - 2 potions of heal wounds
 u - 2 potions of agility
 x - a potion of might
 D - 2 potions of mutation
 J - 5 potions of berserk rage
 U - 4 potions of haste
Miscellaneous
 o - a phial of floods
 E - a lamp of fire
 Z - a sack of spiders
Comestibles
 c - 8 bread rations
 k - 15 meat rations
 v - 39 fruits
 F - 6 royal jellies


   Skills:
 + Level 17.2 Fighting
 * Level 14.6(15.9) Axes
 - Level 12.1(15.3) Maces & Flails
 + Level 12.1 Armour
 - Level 0.7 Dodging
 + Level 7.4 Evocations


You had 15 spell levels left.
You didn't know any spells.

Dungeon Overview and Level Annotations

Branches:
Dungeon (14/15)            Temple (0/1) D:5            Lair (6/6) D:8
  Swamp (0/4) Lair:2       Spider (0/4) Lair:2        Slime (0/5) Lair:5
    Orc (2/2) D:10            Elf (0/3) Orc:2        Vaults (0/5) D:13

Altars:
Ashenzari
Cheibriados
Fedhas
Hepliaklqana
Trog
Xom
The Shining One
Beogh

Shops:
D:5 (   D:7 %   D:8 *   D:9 *   Orc:2 }![(

Annotations:
D:14 Azrael
Lair:5 exclusion: 5 oklob plants


Innate Abilities, Weirdness & Mutations

You are resistant to torment.
Your stone body is resilient. (AC +11)
You are immune to poison.
Your large and strong wings let you fly indefinitely.
You resist negative energy. (rN+)
You are resistant to electric shocks. (rElec)
You can survive without breathing.
You are immune to petrification.
You are immune to rotting.
You have a pair of small antennae on your head.
You are partially covered in molten scales. (AC +2)
You can translocate small distances at will.
Scrolls take you a little longer to read.
You possess an exceptional clarity of mind.
Your flesh is cold resistant. (rC+)
You are resistant to hostile enchantments. (MR+)
You are somewhat resistant to both further mutation and mutation removal.
You sometimes yell uncontrollably at your foes.
Your spells are a little harder to cast, but a little more powerful.
Potions are less effective at restoring your health.
You expend magic power (3 MP) to strengthen your wands.


Message History

Azrael hits you but does no damage.
Unknown command.
Press < or > to pray at altars.
You barely miss Azrael.
Azrael is heavily wounded.
Azrael gestures at you. The bolt of fire hits you! You resist.
Unknown command.
Press < or > to pray at altars.
You slice Azrael!!
Azrael is severely wounded.
Azrael gestures at you.
The sphere of damnation explodes!
The damnation engulfs you!
* * * LOW HITPOINT WARNING * * *
Xom thinks this is hilarious!
The damnation engulfs Azrael.
Azrael completely resists.
Azrael gestures at you.
The sphere of damnation explodes!
The damnation engulfs you!
You die...
Xom howls with laughter!

........_...
###._......#
..........#
._.§......#
#......E.####.#
#.§.§.hEh.....#
##..§{DW######
...._§##R#
.###.# #@# #_
#.# # #.# #.#
#.# .#. # #


You could see a fire dragon, Azrael, a hungry ghost, 2 fire elementals and 2
hell hounds.

Vanquished Creatures
  Gastronok (D:8)
  Kirke (D:13)
  2 orc warlords
  Snorg (D:14)
  Fannar (D:11)
  Josephine (D:11)
  Erolcha (D:10)
  6 hydras
  Erica (D:8)
  4 vault guards (D:13)
  2 catoblepae
  12 two-headed ogres
  A centaur warrior (D:14)
  A tengu warrior (D:13)
  A queen ant (Lair:2)
  The ghost of gyp21 the Fighter, a novice DsGl of Xom (D:8)
  5 orc high priests
  A sun demon (Volcano)
  Sonja (Lair:2)
  3 orc knights (Orc:2)
  A necromancer (IceCv)
  4 cyclopes
  8 orc sorcerers
  13 ugly things
  A manticore (D:14)
  11 elephants
  Maurice (D:7)
  2 ice statues (IceCv)
  2 molten gargoyles (Volcano)
  A gargoyle (D:12)
  A yaktaur (D:10)
  18 spiny frogs
  5 rime drakes
  9 komodo dragons
  An efreet (D:12)
  8 ice devils
  A red devil (Volcano)
  2 harpy skeletons
  4 polar bears
  5 hornets
  8 trolls
  10 slime creatures
  A dream sheep (Lair:6)
  17 blink frogs
  21 hippogriffs
  3 centaur simulacra
  A shadow (D:13)
  Sigmund (D:6)
  12 spriggans (Lair:6)
  Eustachio (D:6)
  A vampire (D:12)
  2 water elementals (D:13)
  9 wyverns
  A fire elemental (D:14)
  5 wraiths
  A steam dragon (Lair:3)
  4 basilisks
  2 hogs (D:13)
  32 yaks
  A hungry ghost (D:10)
  5 wargs
  6 vampire mosquitoes
  Menkaure (D:6)
  A naga (D:4)
  6 soldier ants
  15 water moccasins
  16 porcupines
  3 hell hounds
  7 black bears
  53 orc warriors
  4 ice beasts
  5 sky beasts
  An eye of draining (D:14)
  2 phantoms
  12 ogres
  4 boggarts (Lair:6)
  A necrophage (D:8)
  25 wolves
  11 centaurs
  21 crocodiles
  Blork the orc (D:6)
  2 big kobolds
  A gnoll sergeant (D:11)
  16 bullfrogs
  A water moccasin skeleton (D:6)
  8 scorpions
  25 killer bees
  9 electric eels
  3 howler monkeys
  2 lava snakes (Lair:6)
  6 crimson imps
  2 centaur zombies
  2 draconian simulacra (IceCv)
  A jelly (D:12)
  A quasit (D:12)
  2 bullfrog skeletons (D:8)
  2 bullfrog zombies
  5 hounds
  26 orc wizards
  A gnoll shaman (D:4)
  29 orc priests
  5 iguanas
  2 centaur skeletons
  2 troll simulacra (IceCv)
  13 worker ants
  A spriggan simulacrum (IceCv)
  2 hound skeletons
  2 naga simulacra (IceCv)
  15 adders
  4 gnolls
  An ogre simulacrum (IceCv)
  4 shadow imps
  2 ufetubi (D:12)
  2 adder skeletons
  An adder zombie (D:9)
  4 worms
  4 leopard geckos
  127 orcs
  8 giant cockroaches
  13 hobgoblins
  10 jackals
  6 quokkas
  A ball python (D:1)
  4 bats
  6 frilled lizards
  11 goblins
  A jackal skeleton (D:7)
  14 kobolds
  A leopard gecko skeleton (D:4)
  9 rats
  A fire vortex (Lair:6)
  8 fungi
  10 plants
916 creatures vanquished.

Vanquished Creatures (collateral kills)
  A hydra (D:11)
  Prince Ribbit (D:6)
  A blink frog (Lair:1)
  A hippogriff (Lair:1)
  A water elemental (D:13)
  A yak (Lair:1)
  An orc warrior (Orc:2)
  An ogre (Orc:2)
  A black bear (Lair:6)
  A crocodile (Lair:1)
  A howler monkey (D:13)
  2 gnolls (D:4)
  2 orcs
  A jackal (D:5)
  A quokka (D:11)
17 creatures vanquished.

Vanquished Creatures (others)
  A two-headed ogre (D:9)
  2 dancing weapons
  A yak (D:14)
  A vampire mosquito (D:13)
  2 centaurs (D:14)
  A scorpion (Lair:2)
  A worker ant (Lair:2)
  An orc (Orc:1)
  A giant cockroach (Lair:2)
  A fire vortex (Lair:6)
  30 fungi
  13 plants
55 creatures vanquished.

Grand Total: 988 creatures vanquished

Notes
Turn   | Place    | Note
-------+----------+-------------------------------------------
     0 | D:1      | Jannitor the Gargoyle Chaos Knight began the quest for the Orb.
     0 | D:1      | Reached XP level 1. HP: 14/14 MP: 1/1
    24 | D:1      | XOM: silly message
   139 | D:1      | XOM: potion effect (haste)
   182 | D:1      | XOM: divination: detect items
   204 | D:1      | XOM: divination: detect items
   232 | D:1      | Reached XP level 2. HP: 19/19 MP: 2/2
   298 | D:1      | XOM: mild Erth miscast
   488 | D:1      | Found a snail-covered altar of Cheibriados.
   601 | D:1      | XOM: harmless Hex miscast
   696 | D:1      | XOM: medium Air miscast
  1011 | D:2      | XOM: smoke on damage
  1040 | D:2      | Reached XP level 3. HP: 15/24 MP: 3/3
  1202 | D:2      | XOM: noise
  1311 | D:2      | XOM: noise
  1365 | D:2      | Reached skill level 4 in Fighting
  1565 | D:2      | XOM: 2-stop teleportation journey
  2009 | D:2      | Found a shattered altar of Ashenzari.
  2009 | D:2      | Found a hazy altar of Hepliaklqana.
  2156 | D:3      | Reached XP level 4. HP: 30/30 MP: 4/4
  2226 | D:3      | Found a faded altar of an unknown god.
  2437 | D:3      | XOM: smoke on damage
  2451 | D:3      | XOM: silly message
  2536 | D:3      | XOM: swap monsters
  2540 | D:3      | Reached skill level 5 in Fighting
  2540 | D:3      | Reached XP level 5. HP: 15/35 MP: 5/5
  2848 | D:3      | XOM: 1-stop teleportation journey
  2886 | D:3      | Found a glowing golden altar of the Shining One.
  3209 | D:3      | XOM: god gift: green potion {god gift}
  3295 | D:3      | Reached skill level 5 in Maces & Flails
  3299 | D:4      | XOM: scenery: create altars
  3303 | D:4      | Reached XP level 6. HP: 41/41 MP: 6/6
  3583 | D:4      | Reached skill level 6 in Fighting
  3606 | D:4      | XOM: summons 6 friendly demons
  3797 | D:4      | XOM: scenery: create altars
  4075 | D:5      | Entered Level 5 of the Dungeon
  4195 | D:5      | XOM: 1-stop teleportation journey
  4279 | D:5      | XOM: summons 2 friendly demons
  4299 | D:5      | Found a staircase to the Ecumenical Temple.
  4305 | D:5      | Reached XP level 7. HP: 46/46 MP: 7/7
  4331 | D:5      | Noticed a naga
  4331 | D:5      | an ogre changed into a naga
  4331 | D:5      | XOM: polymorph ogre -> naga
  4338 | D:5      | XOM: summons friendly quasit
  4413 | D:4      | XOM: cloud trail
  4418 | D:4      | XOM: harmless Tloc miscast
  4483 | D:5      | XOM: divination: detect items
  4485 | D:5      | XOM: potion effect (haste)
  4514 | D:4      | XOM: potion effect (might)
  4519 | D:4      | XOM: silly message
  4520 | D:4      | Killed a naga
  4529 | D:4      | XOM: harmless Tmut miscast
  4645 | D:4      | XOM: god gift: knobbly smoking staff {god gift}
  4815 | D:5      | XOM: noise
  4831 | D:5      | Reached skill level 7 in Fighting
  4883 | D:5      | XOM: confuse monster(s)
  4943 | D:5      | XOM: cast spell 'Summon Butterflies'
  4970 | D:5      | Reached XP level 8. HP: 53/53 MP: 8/8
  4989 | D:5      | XOM: potion effect (agility)
  5110 | D:5      | Found Ilachoi's Antique Weapon Shop.
  5229 | D:6      | Noticed Sigmund
  5286 | D:6      | Killed Sigmund
  5289 | D:6      | XOM: divination: magic mapping
  5389 | D:6      | Reached skill level 8 in Fighting
  5451 | D:6      | Found a blossoming altar of Fedhas.
  5451 | D:6      | Noticed Prince Ribbit
  5470 | D:6      | XOM: harmless Conj miscast
  5526 | D:6      | XOM: harmless Ice miscast
  5732 | D:6      | Noticed Blork the orc
  5741 | D:6      | Killed Blork the orc
  5775 | D:6      | Noticed Eustachio
  5777 | D:6      | XOM: medium Necr miscast
  5780 | D:6      | XOM: summons 8 friendly demons
  5802 | D:6      | Killed Prince Ribbit
  5809 | D:6      | Killed Eustachio
  5850 | D:6      | XOM: god gift: 21 gold pieces
  5998 | D:7      | Noticed Menkaure
  5998 | D:7      | XOM: enchant monster (good)
  6133 | D:6      | XOM: confuse monster(s)
  6139 | D:6      | Killed Menkaure
  6139 | D:6      | Reached skill level 9 in Fighting
  6194 | D:6      | XOM: scenery: create altars
  6199 | D:7      | Reached XP level 9. HP: 57/60 MP: 9/9
  6397 | D:7      | Found Kuloura's Food Shoppe.
  6674 | D:7      | XOM: cleaving
  6779 | D:8      | Noticed Maurice
  6779 | D:8      | Noticed Gastronok
  6800 | D:7      | Killed Maurice
  6800 | D:7      | Reached skill level 10 in Fighting
  6905 | D:8      | XOM: summons 9 friendly demons
  6919 | D:8      | Found Syqevoj's Assorted Antiques.
  6939 | D:8      | Found a staircase to the Lair.
  6940 | D:8      | XOM: 3-stop teleportation journey
  6950 | D:8      | XOM: enchant monster (good)
  7035 | D:8      | XOM: potion effect (haste)
  7052 | D:8      | Reached skill level 10 in Maces & Flails
  7063 | D:8      | Noticed a two-headed ogre
  7090 | D:8      | Killed a two-headed ogre
  7090 | D:8      | Reached skill level 11 in Fighting
  7090 | D:8      | Reached XP level 10. HP: 55/70 MP: 10/10
  7132 | D:8      | XOM: blink monster(s)
  7156 | D:8      | Noticed Erica
  7182 | D:8      | XOM: enchant monster (bad)
  7195 | D:8      | Gained mutation: You are clumsy. (Dex -2) [potion of mutation]
  7195 | D:8      | Gained mutation: Armour fits poorly on your strangely shaped body. [potion of mutation]
  7195 | D:8      | Gained mutation: You are partially covered in iridescent scales. (AC +2) [potion of mutation]
  7200 | D:8      | XOM: summons 2 friendly demons
  7245 | D:8      | Killed Erica
  7397 | D:8      | XOM: noise
  7409 | D:8      | Reached skill level 12 in Fighting
  7463 | D:8      | XOM: summons 2 friendly demons
  7466 | D:8      | XOM: divine lightning
  7469 | D:8      | Noticed gyp21's ghost (novice DsGl)
  7472 | D:8      | XOM: summons friendly shadow imp
  7522 | D:7      | Found a bloodstained altar of Trog.
  7584 | D:7      | XOM: 7-stop teleportation journey
  7608 | D:9      | Noticed a two-headed ogre
  7613 | D:9      | Killed a two-headed ogre
  7613 | D:9      | XOM: divine lightning
  7633 | D:9      | Lost mutation: Armour fits poorly on your strangely shaped body. [mutagenic meat]
  7736 | D:9      | Gained mutation: You expend magic power (3 MP) to strengthen your wands. [mutagenic meat]
  7737 | D:9      | Gained mutation: Your flesh is cold resistant. (rC+) [mutagenic meat]
  7738 | D:9      | Gained mutation: Scrolls take you a little longer to read. [mutagenic meat]
  7739 | D:9      | Gained mutation: You have sharp toenails. [mutagenic meat]
  7740 | D:9      | Gained mutation: Your mind is acute. (Int +2) [mutagenic meat]
  7746 | D:9      | Got a distressingly furry cloak
  7757 | D:9      | Identified the +2 cloak "Qaric" {rPois rN+ Str-2 SInv} (You found it on level 9 of the Dungeon)
  7768 | D:9      | Found Weffaijytt's General Store.
  7780 | D:9      | Got an ichor-stained leather armour
  7819 | D:9      | XOM: give mutation
  7819 | D:9      | Gained mutation: Your mind is very acute. (Int +4) [Xom's grace]
  7834 | D:9      | Identified the cursed +1 leather armour "Soamuam" {rF+ Slay+2} (You found it on level 9 of the Dungeon)
  7845 | D:9      | XOM: summons 4 friendly demons
  8017 | D:9      | Noticed a two-headed ogre
  8024 | D:9      | Killed a two-headed ogre
  8024 | D:9      | Reached XP level 11. HP: 76/76 MP: 11/11
  8388 | D:8      | XOM: give mutations
  8388 | D:8      | Gained mutation: You are resistant to hostile enchantments. (MR+) [Xom's grace]
  8388 | D:8      | Gained mutation: You have sharp fingernails. [Xom's grace]
  8388 | D:8      | Gained mutation: Your large and strong wings let you fly indefinitely. [Xom's grace]
  8388 | D:8      | Gained mutation: You are somewhat resistant to further mutation. [Xom's grace]
  8459 | D:9      | Found a snail-covered altar of Cheibriados.
  8503 | D:10     | Entered Level 10 of the Dungeon
  8539 | D:10     | XOM: harmless Air miscast
  8546 | D:10     | XOM: harmless Ice miscast
  8555 | D:10     | Noticed Harold
  8556 | D:10     | XOM: god gift: 16 gold pieces
  8558 | D:10     | Noticed Erolcha
  8573 | D:10     | Noticed a two-headed ogre
  8721 | D:5      | Bought an iridescent executioner's axe for 465 gold pieces
  8721 | D:5      | Identified the cursed +1 executioner's axe "Nelikot" {speed, *Noise Str+2 Dex+4} (You bought it in a shop on level 5 of the Dungeon)
  8730 | D:6      | XOM: give mutations
  8730 | D:6      | Lost mutation: Scrolls take you a little longer to read. [Xom's mischief]
  8730 | D:6      | Lost mutation: You are clumsy. (Dex -2) [Xom's mischief]
  8730 | D:6      | Gained mutation: You have razor-sharp toenails. [Xom's mischief]
  8730 | D:6      | Gained mutation: Your spells are a little easier to cast, but a little less powerful. [Xom's mischief]
  8906 | D:8      | Killed gyp21's ghost
  8906 | D:8      | Reached skill level 13 in Fighting
  8906 | D:8      | Reached skill level 1 in Axes
  8925 | D:8      | Killed Gastronok
  9016 | Lair:1   | Entered Level 1 of the Lair of Beasts
  9024 | Lair:1   | Found a dark tunnel.
  9035 | Volcano  | Entered a volcano
  9095 | Volcano  | XOM: summons 1 hostile shadow creature
  9120 | Volcano  | Found a radiant altar of Vehumet.
  9120 | Volcano  | Noticed a red ugly thing
  9120 | Volcano  | Noticed a sun demon
  9125 | Volcano  | Killed a red ugly thing
  9128 | Volcano  | Noticed an orc sorcerer
  9129 | Volcano  | XOM: divination: detect items
  9133 | Volcano  | Killed a sun demon
  9143 | Volcano  | HP: 2/93 [red devil/trident of flaming (10)]
  9149 | Volcano  | Killed an orc sorcerer
  9149 | Volcano  | Reached skill level 5 in Axes
  9158 | Volcano  | XOM: divination: detect items
  9163 | Volcano  | XOM: fog
  9208 | Volcano  | XOM: cleaving
  9210 | Volcano  | XOM: fog
  9229 | Volcano  | XOM: mild Tloc miscast
  9378 | Volcano  | XOM: scenery: 1 doors close
  9534 | Lair:1   | XOM: 1-stop teleportation journey
  9543 | Lair:1   | XOM: summons 8 friendly demons
  9545 | Lair:1   | XOM: harmless Chrm miscast
  9556 | Lair:1   | Reached XP level 12. HP: 79/84 MP: 12/12
  9559 | Lair:1   | XOM: summons friendly iron imp
  9571 | Lair:1   | XOM: enchant monster (good)
  9734 | Lair:1   | Reached skill level 14 in Fighting
  9744 | Lair:1   | Noticed a catoblepas
  9749 | Lair:1   | Killed a catoblepas
  9862 | Lair:1   | XOM: scenery: 2 doors open, 1 doors close
  9952 | Lair:1   | Reached skill level 5 in Armour
  9986 | Lair:1   | Found a blossoming altar of Fedhas.
 10443 | Lair:2   | Noticed a queen ant
 10447 | Lair:2   | XOM: summons friendly quasit
 10452 | Lair:2   | Killed a queen ant
 10570 | Lair:2   | XOM: destruction
 10572 | Lair:2   | XOM: polymorph hornet -> water moccasin
 10601 | Lair:2   | Noticed Sonja
 10819 | Lair:3   | XOM: summons friendly iron imp
 10914 | Lair:3   | XOM: 3-stop teleportation journey
 11135 | Lair:3   | XOM: harmless Conj miscast
 11206 | Lair:3   | Noticed a six-headed hydra
 11214 | Lair:3   | XOM: divination: detect items
 11229 | Lair:3   | Killed a three-headed hydra
 11229 | Lair:3   | Reached XP level 13. HP: 78/91 MP: 13/13
 11230 | Lair:3   | XOM: harmless Erth miscast
 11407 | Lair:3   | XOM: harmless Summ miscast
 11420 | Lair:3   | XOM: give mutations
 11420 | Lair:3   | Gained mutation: Your flesh is very cold resistant. (rC++) [Xom's grace]
 11420 | Lair:3   | Gained mutation: You are partially covered in molten scales. (AC +2) [Xom's grace]
 11423 | Lair:3   | XOM: cloud trail
 11818 | Lair:4   | XOM: smoke on damage
 11853 | Lair:4   | XOM: scenery: create altars
 11950 | Lair:4   | Reached skill level 10 in Axes
 11982 | Lair:4   | XOM: 5-stop teleportation journey
 12006 | Lair:4   | XOM: god gift: whip {god gift}
 12072 | Lair:4   | Reached skill level 15 in Fighting
 12333 | Lair:4   | XOM: god gift: scroll of teleportation
 12878 | Lair:5   | Found a staircase to the Slime Pits.
 13045 | Lair:5   | XOM: scenery: create altars
 13064 | Lair:5   | XOM: 1-stop teleportation journey
 13137 | Lair:5   | XOM: 3-stop teleportation journey
 13438 | Lair:5   | XOM: medium Ice miscast
 13813 | Lair:5   | XOM: harmless Conj miscast
 13948 | Lair:6   | Entered Level 6 of the Lair of Beasts
 13957 | Lair:6   | XOM: silly message
 14183 | Lair:6   | XOM: blink monster(s)
 14191 | Lair:6   | XOM: polymorph blink frog -> troll
 14197 | Lair:6   | XOM: destruction
 14214 | Lair:6   | XOM: chaos cloud
 14281 | Lair:6   | XOM: swap monsters
 14297 | Lair:6   | Mutation became permanent: Your large and strong wings let you fly indefinitely. [Gargoyle growth]
 14297 | Lair:6   | Gained mutation: Your large and strong wings let you fly indefinitely. [Gargoyle growth]
 14297 | Lair:6   | Reached XP level 14. HP: 98/98 MP: 14/14
 14335 | Lair:6   | XOM: polymorph yak -> troll
 14348 | Lair:6   | XOM: mild Fire miscast
 14353 | Lair:6   | Reached skill level 1 in Evocations
 14401 | Lair:6   | XOM: give mutations
 14401 | Lair:6   | Lost mutation: You are partially covered in iridescent scales. (AC +2) [Xom's mischief]
 14401 | Lair:6   | Lost mutation: Your mind is very acute. (Int +4) [Xom's mischief]
 14401 | Lair:6   | Gained mutation: You have a pair of small antennae on your head. [Xom's mischief]
 14401 | Lair:6   | Lost mutation: Your flesh is very cold resistant. (rC++) [Xom's mischief]
 14421 | Lair:6   | Got a pitted hand axe {venom}
 14422 | Lair:6   | Identified the cursed +0 hand axe of Desperation {venom, rF- Int+4 Stlth+} (You took it off a boggart on level 6 of the Lair of Beasts)
 14481 | Lair:6   | XOM: polymorph wolf -> wolf
 14482 | Lair:6   | XOM: divination: magic mapping
 14530 | Lair:6   | XOM: scenery: create altars
 14539 | Lair:6   | XOM: destruction
 14541 | Lair:6   | XOM: enchant monster (good)
 14545 | Lair:6   | XOM: cast spell 'Death Channel'
 14549 | Lair:6   | XOM: snakes to sticks
 14756 | Lair:6   | XOM: blink monster(s)
 14790 | Lair:6   | XOM: harmless Conj miscast
 15204 | Lair:2   | Killed Sonja
 15207 | Lair:2   | Found a hole to the Spider Nest.
 15262 | Lair:2   | Found a staircase to the Swamp.
 15351 | Lair:2   | XOM: give mutations
 15351 | Lair:2   | Lost mutation: Your mind is acute. (Int +2) [Xom's mischief]
 15351 | Lair:2   | Lost mutation: Your spells are a little easier to cast, but a little less powerful. [Xom's mischief]
 15351 | Lair:2   | Lost mutation: You have sharp fingernails. [Xom's mischief]
 15487 | Lair:2   | XOM: confusion
 15856 | Lair:2   | XOM: harmless Hex miscast
 15881 | Lair:2   | XOM: divination: detect items
 16090 | D:10     | XOM: confuse monster(s)
 16094 | D:10     | Reached skill level 10 in Armour
 16099 | D:10     | Killed Erolcha
 16099 | D:10     | Reached skill level 16 in Fighting
 16256 | D:10     | Noticed Harold
 16256 | D:10     | Harold changed into Harold the komodo dragon
 16256 | D:10     | XOM: polymorph Harold -> Harold the komodo dragon
 16259 | D:10     | Noticed Harold
 16259 | D:10     | Harold the komodo dragon changed into Harold the yaktaur
 16259 | D:10     | XOM: polymorph Harold the komodo dragon -> Harold the yaktaur
 16267 | D:10     | Killed Harold the yaktaur
 16288 | D:9      | Bought a lamp of fire for 440 gold pieces
 16288 | D:9      | Bought a potion of haste for 110 gold pieces
 16331 | D:10     | XOM: cleaving
 16349 | D:10     | Found a staircase to the Orcish Mines.
 16470 | D:10     | XOM: 1-stop teleportation journey
 16485 | D:10     | XOM: god gift: embroidered robe {god gift}
 16497 | Orc:1    | Entered Level 1 of the Orcish Mines
 16548 | Orc:1    | XOM: summons friendly ufetubus
 16640 | Orc:1    | XOM: fog
 16641 | Orc:1    | XOM: noise
 16644 | Orc:1    | XOM: medium Air miscast
 16715 | Orc:1    | XOM: enchant monster (bad)
 17119 | Orc:1    | Noticed an orc warlord
 17129 | Orc:1    | Killed an orc warlord
 17192 | Orc:2    | Entered Level 2 of the Orcish Mines
 17201 | Orc:2    | XOM: summons 14 friendly demons
 17235 | Orc:2    | XOM: 1-stop teleportation journey
 17318 | Orc:2    | XOM: polymorph orc -> bat
 17482 | Orc:2    | Reached XP level 15. HP: 104/104 MP: 18/18
 17657 | Orc:2    | XOM: summons friendly crimson imp
 17667 | Orc:2    | Noticed an orc warlord
 17719 | Orc:2    | XOM: summons friendly white imp
 18035 | Orc:2    | XOM: harmless Conj miscast
 18047 | Orc:2    | Killed an orc warlord
 18071 | Orc:2    | XOM: mild Tmut miscast
 18156 | Orc:2    | Found Koitwob's Antique Armour Shop.
 18164 | Orc:2    | Reached skill level 5 in Evocations
 18172 | Orc:2    | Bought a bronze scale mail for 279 gold pieces
 18182 | Orc:2    | Identified the +3 scale mail "Taxeazaudgh" {rElec} (You bought it in a shop on level 2 of the Orcish Mines)
 18182 | Orc:2    | Bought a heavily runed scale mail for 279 gold pieces
 18182 | Orc:2    | Bought a brightly glowing scale mail for 279 gold pieces
 18192 | Orc:2    | Identified the cursed +0 scale mail "Kiokaki" {rPois} (You bought it in a shop on level 2 of the Orcish Mines)
 18203 | Orc:2    | Identified the +1 scale mail of Moral Flaws {MR+} (You bought it in a shop on level 2 of the Orcish Mines)
 18211 | Orc:2    | XOM: 1-stop teleportation journey
 18392 | Orc:2    | Found a staircase to the Elven Halls.
 18501 | Orc:2    | Found Ijeemutoc's Antique Weapon Emporium.
 18509 | Orc:2    | Gained mutation: Scrolls take you a little longer to read. [a neqoxec]
 18541 | Orc:2    | Found a roughly hewn altar of Beogh.
 18604 | Orc:2    | XOM: give mutations
 18604 | Orc:2    | Lost mutation: You have razor-sharp toenails. [Xom's mischief]
 18604 | Orc:2    | Gained mutation: You are frail. (-10% HP) [Xom's mischief]
 18604 | Orc:2    | Gained mutation: You occasionally shout uncontrollably at your foes. [Xom's mischief]
 18607 | Orc:2    | XOM: medium Hex miscast
 18749 | Orc:2    | Found a roughly hewn altar of Beogh.
 18891 | Orc:2    | Found Rirphume's Gadget Emporium.
 18929 | Orc:2    | XOM: summons 3 hostile demons
 18998 | Orc:2    | Found Pommovas's Distillery.
 19015 | Orc:2    | Bought a potion of heal wounds for 70 gold pieces
 19053 | Orc:2    | XOM: polymorph orc wizard -> water moccasin
 19070 | Orc:2    | XOM: summons 3 friendly demons
 19086 | Orc:2    | XOM: god gift: fine battleaxe {god gift}
 19087 | Orc:2    | Got a fine battleaxe {god gift}
 19088 | Orc:2    | Identified the +5 battleaxe of an ice cave {chaos, rN+ MR+ Dex+3} (Xom gifted it to you on level 2 of the Orcish Mines)
 19239 | D:11     | XOM: cast spell 'Death Channel'
 19244 | D:11     | XOM: summons 15 friendly demons
 19282 | D:11     | Noticed Fannar
 19291 | D:11     | Killed Fannar
 19467 | D:11     | XOM: give mutations
 19467 | D:11     | Gained mutation: You can translocate small distances at will. [Xom's grace]
 19467 | D:11     | Gained mutation: You possess an exceptional clarity of mind. [Xom's grace]
 19467 | D:11     | Gained mutation: You are somewhat resistant to both further mutation and mutation removal. [Xom's grace]
 19470 | D:11     | Found a bloodstained altar of Trog.
 19732 | D:11     | Noticed Josephine
 19745 | D:11     | Killed Josephine
 19996 | D:12     | XOM: polymorph ufetubus -> quasit
 20001 | D:12     | XOM: enchant monster (good)
 20130 | D:12     | Lost mutation: You have sharp toenails. [mutagenic meat]
 20135 | D:12     | Gained mutation: Potions are less effective at restoring your health. [mutagenic meat]
 20246 | D:12     | XOM: give mutation
 20246 | D:12     | Gained mutation: Your spells are a little harder to cast, but a little more powerful. [Xom's grace]
 20251 | D:12     | Found a frozen archway.
 20270 | IceCv    | Entered an ice cave
 20456 | IceCv    | Identified the cursed -5 buckler of the Aged Friends {rElec rN+ Int+3 Stlth+} (You found it in an ice cave)
 20610 | D:12     | XOM: scenery: create altars
 20612 | D:12     | XOM: give mutations
 20612 | D:12     | Lost mutation: You are frail. (-10% HP) [Xom's mischief]
 20612 | D:12     | Gained mutation: You sometimes yell uncontrollably at your foes. [Xom's mischief]
 20824 | D:12     | XOM: harmless Conj miscast
 20902 | D:12     | XOM: noise
 20911 | D:12     | XOM: divination: detect items
 20930 | D:12     | XOM: noise
 20935 | D:12     | XOM: cast spell 'Call Canine Familiar'
 20937 | D:12     | XOM: potion effect (brilliance)
 21146 | D:12     | XOM: cloud trail
 21342 | D:12     | XOM: god gift: 2 potions of curing
 21432 | D:13     | XOM: smoke on damage
 21459 | D:13     | XOM: god gift: scroll of enchant weapon
 21577 | D:13     | XOM: enchant monster (bad)
 21580 | D:13     | Reached XP level 16. HP: 112/112 MP: 20/20
 21606 | D:13     | Noticed Kirke
 21615 | D:13     | XOM: enchant monster (good)
 21622 | D:13     | Killed Kirke
 21660 | D:13     | XOM: enchant monster (good)
 21669 | D:13     | Reached skill level 17 in Fighting
 21732 | D:13     | Found a gate to the Vaults.
 21996 | D:13     | XOM: mild Tloc miscast
 22142 | D:13     | XOM: polymorph human -> unseen horror
 22173 | D:14     | Noticed Snorg
 22184 | D:14     | XOM: divine lightning
 22241 | D:14     | XOM: confuse monster(s)
 22250 | D:14     | Killed Snorg
 22394 | D:14     | XOM: summons friendly shadow imp
 22408 | D:14     | XOM: fog
 22419 | D:14     | XOM: enchant monster (bad)
 22425 | D:14     | XOM: enchant monster (bad)
 22429 | D:14     | XOM: 2-stop teleportation journey
 22430 | D:14     | Noticed Azrael
 22433 | D:14     | XOM: scenery: create altars
 22450 | D:14     | Killed from afar by Azrael

Skill      XL: |  1  2  3  4  5  6  7  8  9 10 11 12 13 14 15 16 |
---------------+-------------------------------------------------+-----
Fighting       | 4 5 6 7 9 11 12 13 14 15 16 17 | 17.2
Maces & Flails | 4 5 7 8 10 11 12 | 12.1
Axes           | 6 9 11 12 14 | 14.6
Armour         | 6 8 10 11 12 | 12.1
Evocations     | 4 6 7 |  7.4
Dodging        | |  0.7

Action                   |  1- 3 |  4- 6 |  7- 9 | 10-12 | 13-15 | 16-18 || total
-------------------------+-------+-------+-------+-------+-------+-------++-------
Melee: Mace              |   130 |   186 |   354 |   232 |       |       ||   902
       Kick              |       |       |       |   122 |   431 |       ||   553
       Executioner's axe |       |       |       |   302 |  1468 |       ||  1770
       Battleaxe         |       |       |       |     4 |    71 |   189 ||   264
 Abil: Fly               |       |       |       |     1 |       |       ||     1
Evoke: Wand              |       |       |     3 |     3 |     3 |       ||     9
       Sack of spiders   |       |       |       |       |     1 |       ||     1
       Phial of floods   |       |       |       |       |     1 |       ||     1
  Use: Scroll            |       |     5 |     5 |    14 |    13 |     2 ||    39
       Potion            |       |     3 |     3 |    10 |     6 |     1 ||    23
 Stab: Paralysed         |       |     1 |     5 |       |     2 |       ||     8
       Distracted        |       |     1 |       |     2 |     3 |       ||     6
       Confused          |       |       |     1 |     1 |     3 |       ||     5
       Petrifying        |       |       |     1 |       |     1 |       ||     2
       Petrified         |       |       |       |     1 |     3 |       ||     4
       Invisible         |       |       |       |       |     4 |       ||     4
       Sleeping          |       |       |       |       |       |     2 ||     2
  Eat: Chunk             |     3 |     7 |     5 |    22 |    36 |     2 ||    75
       Meat ration       |       |       |     1 |       |     1 |       ||     2
       Bread ration      |       |       |       |     1 |       |       ||     1
Armor: Leather armour    |    64 |    89 |   130 |   172 |       |       ||   455
       Chain mail        |       |       |       |   163 |   937 |       ||  1100
       Plate armour      |       |       |       |       |   414 |   212 ||   626
Dodge: Dodged            |    81 |    88 |   136 |   227 |   566 |    89 ||  1187
Block: Other             |     7 |    38 |    42 |       |       |       ||    87
       Reflection        |       |     1 |       |       |       |       ||     1
